 Dungeon Crawl Stone Soup version 0.15-a0-2036-g5428f20 (webtiles) character file.

273 N00bl0rd the Skirmisher (level 6, -7/65 HPs)
             Began as an Ogre Fighter on July 13, 2014.
             Mangled by Sigmund
             ... wielding a +0 scythe
              (10 damage)
             ... on Level 4 of the Dungeon.
             The game lasted 00:06:29 (2702 turns).

N00bl0rd the Skirmisher (Ogre Fighter)              Turns: 2702, Time: 00:06:29

HP  -7/65        AC  5     Str 24      XL: 6   Next: 23%
MP   6/6         EV  9     Int  7      God:
Gold 202         SH  9     Dex  9      Spells:  0 memorised,  5 levels left

rFire  . . .     SeeInvis .     a - +0 flail
rCold  . . .     Clarity  .     e - +2 robe {MR+}
rNeg   . . .     rCorr    .     c - +0 shield
rPois  +         rRot     .     (helmet restricted)
rElec  .         Spirit   .     (no cloak)
SustAb .         Warding  .     (gloves unavailable)
rMut   .         Stasis   .     (boots unavailable)
Gourm  .                        (no amulet)
MR     +....                    i - ring of poison resistance
                                h - ring of wizardry

@: somewhat resistant to hostile enchantments, very unstealthy
A: unfitting armour, tough skin 1
a: no special abilities


You were on level 4 of the Dungeon.
You were not hungry.

You visited 1 branch of the dungeon, and saw 4 of its levels.

You collected 202 gold pieces.

Inventory:

Hand weapons
 a - a +0 flail (weapon)
Armour
 c - a +0 shield (worn)
 e - a +2 robe of magic resistance (worn)
Comestibles
 b - a chunk of gnoll flesh
 d - 2 meat rations
 l - 3 bread rations
Scrolls
 f - a scroll of amnesia {unknown}
 k - a scroll of identify {unknown}
 o - a scroll of remove curse {unknown}
 p - 2 scrolls of enchant armour {unknown}
 r - 2 scrolls of random uselessness {unknown}
 w - a scroll of teleportation {unknown}
Jewellery
 h - a ring of wizardry (left hand)
 i - a ring of poison resistance (right hand)
 q - an uncursed ring of fire


   Skills:
 + Level 4.9 Fighting
 * Level 4.9 Maces & Flails
 + Level 1.7 Armour
 * Level 4.0 Dodging
 + Level 3.3 Shields


You had 5 spell levels left.
You didn't know any spells.

Dungeon Overview and Level Annotations

Branches:
Dungeon (4/15)
 Temple: D:4-7

Altars:
Dithmenos
Nemelex Xobeh
Trog
The Shining One

Portals:
Sewer: D:4

Annotations:
D:4 Sigmund


Innate Abilities, Weirdness & Mutations

You are too large for most types of armour.
You have tough skin (AC +1).


Message History

You block the adder's attack. The kobold hits you with a short sword.
You hit the adder.
The adder is moderately wounded.
The adder barely misses you. Something hits you!
* * * LOW HITPOINT WARNING * * *
The adder bites you but does no damage. You block the kobold's attack.
You thump the adder!
The adder is almost dead.
The adder bites you but does no damage. Something hits you!
* * * LOW HITPOINT WARNING * * *
The kobold barely misses you.
Your shield prevents you from hitting the adder.
The adder is almost dead.
The adder barely misses you. You block the kobold's attack.
The adder bites you.
* * * LOW HITPOINT WARNING * * *
You closely miss the adder.
The adder is almost dead.
Something hits you!
You die...

... ####.##.#.# .....#
#####.##.#.# .......
........{.#.# .......#
#.#####....# .........
#.#### #######.##
########.# #≈≈≈≈≈#Sr
..>......# .#≈≈∩≈sSK#
#######..# .#≈≈≈≈S#@##
#######..#
.#######..###........#
............@#####.##
.........##### #.#
#####...## #.# ##$##
#.# #. #.# #. ..# ##
###


You could see 3 adders, a giant cockroach, a kobold and a rat.

Vanquished Creatures
  2 hounds
  An orc wizard (D:3)
  7 adders
  4 gnolls (D:4)
  3 giant geckos
  12 orcs (D:3)
  A ball python (D:3)
  7 goblins
  12 hobgoblins
  6 jackals (D:1)
  A quokka (D:2)
  5 bats
  2 giant cockroaches
  4 giant newts
  5 kobolds
  6 rats
78 creatures vanquished.

Notes
Turn   | Place    | Note
--------------------------------------------------------------
     0 | D:1      | N00bl0rd, the Ogre Fighter, began the quest for the Orb.
     0 | D:1      | Reached XP level 1. HP: 24/24 MP: 1/1
   132 | D:1      | Reached XP level 2. HP: 32/32 MP: 2/2
   236 | D:1      | Found a glowing golden altar of the Shining One.
   396 | D:1      | Reached XP level 3. HP: 34/39 MP: 3/3
   824 | D:2      | Reached skill level 1 in Armour
   824 | D:2      | Reached XP level 4. HP: 29/49 MP: 4/4
  1120 | D:2      | Found a shadowy altar of Dithmenos.
  1263 | D:2      | Found a bloodstained altar of Trog.
  1678 | D:3      | Reached XP level 5. HP: 50/55 MP: 5/5
  1796 | D:3      | Found a sparkling altar of Nemelex Xobeh.
  1896 | D:3      | HP: 1/55 [orc/dagger (3)]
  2300 | D:4      | Reached XP level 6. HP: 34/65 MP: 6/6
  2330 | D:3      | HP: 3/65 [kobold (3)]
  2643 | D:4      | Noticed Sigmund
  2690 | D:4      | Found a glowing drain.
  2700 | D:4      | HP: 3/65 [something (15)]
  2702 | D:4      | Mangled by Sigmund

Action                   |  1- 3 |  4- 6 || total
-------------------------+-------+-------++-------
Melee: Flail             |   116 |   179 ||   295
  Use: Potion            |       |     7 ||     7
  Eat: Chunk             |       |     4 ||     4
       Royal jelly       |       |     1 ||     1
